 Dungeon Crawl Stone Soup version 0.29.1-12-g30fa7ad0bf (webtiles) character file.

Game seed: 9336269191398239431

93 wormed the Changer (level 4, 0/32 HPs)
             Began as a Gnoll Wanderer on Dec 27, 2022.
             Slain by an orc wizard
             ... wielding a +0 dagger
              (2 damage)
             ... on level 2 of the Dungeon.
             The game lasted 00:04:53 (2368 turns).

wormed the Changer (Gnoll Wanderer)                 Turns: 2368, Time: 00:04:53

Health: 0/32       AC:  3    Str: 10    XL:     4   Next: 61%
Magic:  7/8        EV: 11    Int: 15    God:
Gold:   62         SH:  0    Dex: 11    Spells: 8/9 levels left

rFire   . . .      SeeInvis .   k - +0 trident (venom)
rCold   . . .      Faith    .   (no shield)
rNeg    . . .      Spirit   .   e - +0 robe
rPois   .          Reflect  .   (no helmet)
rElec   .          Harm     .   j - +0 cloak
rCorr   .          Rampage  .   (no gloves)
Will    .....                   (no boots)
Stlth   +.........              (no amulet)
HPRegen 0.10/turn               (no ring)
MPRegen 0.11/turn               (no ring)

@: confused
A: fangs 1, strong nose, distributed training
a: no special abilities


You were on level 2 of the Dungeon.
You visited 1 branch of the dungeon, and saw 2 of its levels.

You collected 62 gold pieces.

Inventory:

Hand Weapons
 a - a +0 mace
 c - a +0 dagger
 h - a +1 dagger of electrocution
 k - a +0 trident of venom (weapon)
Missiles
 b - 8 boomerangs (quivered)
 n - a throwing net
Armour
 e - a +0 robe (worn)
 j - a +0 cloak (worn)
Scrolls
 d - a scroll of summoning
 f - 2 scrolls of identify {unknown}
 m - a scroll of amnesia {unknown}
 p - a scroll of brand weapon {unknown}
 q - a scroll of silence {unknown}
Potions
 g - a potion of resistance {unknown}
 i - 2 potions of haste {unknown}
 l - a potion of magic {unknown}
 o - a potion of lignification {unknown}


   Skills:
 + Level 1.2 Fighting
 + Level 1.2 Short Blades
 + Level 1.2 Long Blades
 + Level 1.2 Axes
 + Level 2.8 Maces & Flails
 + Level 1.2 Polearms
 + Level 1.2 Staves
 + Level 1.2 Ranged Weapons
 + Level 4.7 Throwing
 + Level 4.7 Armour
 + Level 1.2 Dodging
 + Level 1.2 Stealth
 + Level 1.2 Shields
 + Level 1.2 Unarmed Combat
 + Level 3.0 Spellcasting
 + Level 1.0 Conjurations
 + Level 1.0 Hexes
 + Level 1.0 Summonings
 + Level 1.0 Necromancy
 + Level 1.0 Translocations
 + Level 7.1 Transmutations
 + Level 1.0 Fire Magic
 + Level 1.0 Ice Magic
 + Level 1.0 Air Magic
 + Level 1.0 Earth Magic
 + Level 1.0 Poison Magic
 + Level 1.3 Invocations
 + Level 1.2 Evocations


You had 8 spell levels left.
You knew the following spells:

 Your Spells              Type           Power      Damage    Failure   Level
a - Sting                 Tmut/Pois      56%        1d5       3%          1

Your spell library contained the following spells:

 Spells                   Type           Power      Damage    Failure   Level
 Beastly Appendage        Tmut           46%        N/A       1%          1
 Wereblood                Tmut           23%        N/A       1%          2


Dungeon Overview and Level Annotations

Branches:
Dungeon (2/15)

Altars:

Shops:
D:2 (


Innate Abilities, Weirdness & Mutations

You have very sharp teeth.
Your uncanny sense of smell can sniff out nearby items.
Your experience applies equally to all skills.


Message History

You hear some strange, mumbled words.
You are more confused.
You hear some strange, mumbled words.
Something tries to affect you, but you resist.
The goblin barely misses you. Something hits you.
Something hits you but does no damage.
Things that are here:
an iguana corpse; a quokka corpse You're too confused to move!
Something hits you. The goblin hits you with a +0 club.
Something hits you but does no damage.
You hear some strange, mumbled words.
You are more confused.
You hear some strange, mumbled words.
A puff of flame appears from out of thin air!
The puff of flame misses you.
You're too confused to cast spells.
You hit the goblin.
The goblin is severely wounded.
The goblin hits you with a +0 club.
You closely miss the goblin.
The goblin is severely wounded.
The goblin completely misses you.
You barely miss the goblin. Your punch misses the goblin.
The goblin is severely wounded.
Something hits you. x2; The goblin hits you with a +0 club.
* * * LOW HITPOINT WARNING * * *
Something hits you.
* * * LOW HITPOINT WARNING * * *
The goblin completely misses you.
You hear some strange, mumbled words.
Something tries to affect you, but you resist.
Sorry, you're not good enough to have a special ability.
You are too confused!
You completely miss the goblin.
The goblin is severely wounded.
Something hits you.
* * * LOW HITPOINT WARNING * * *
The goblin misses you. Something hits you but does no damage.
You completely miss something. Something hits you.
You die...

#.# ##...#.####.### .##...
#...###.## #.#
..##..#####^.# #... #.###
........... ###.##....
...!.....## #..###.#
.###........#########.###.#
...<......................#
...........# ####......
..##.).†g@# #..#### #.
#....{{# #..# #. ##....##
#..# #. ##.#### ### #..####
#. #.##.###.######..)..#
#.## #...#.#_#.#...#.....#
#..# ######.###.##.#.†...#
. #<##### ### ###..##....#
....##.hh..# #.##
#.##.....#


You could see a goblin.

Vanquished Creatures
  An iguana (D:2)
  A dart slug (D:1)
  An orc (D:2)
  5 ball pythons (D:1)
  2 bats (D:1)
  4 endoplasms
  6 giant cockroaches
  3 goblins (D:1)
  4 hobgoblins
  8 jackals
  7 kobolds
  5 quokkas
  2 frilled lizards
  8 rats
57 creatures vanquished.

Notes
Turn   | Place    | Note
-------+----------+-------------------------------------------
     0 | D:1      | wormed the Gnoll Wanderer began the quest for the Orb.
     0 | D:1      | wormed set off with the following items: a +0 mace, 8
                  | boomerangs, a +0 dagger, a scroll of summoning, a +0 robe;
                  | and the following spells available to memorise: Beastly
                  | Appendage, Wereblood, Sting.
     0 | D:1      | Reached XP level 1. HP: 13/13 MP: 4/4
     9 | D:1      | Learned a level 1 spell: Sting
   126 | D:1      | Reached XP level 2. HP: 17/19 MP: 2/5
   554 | D:1      | Reached XP level 3. HP: 2/25 MP: 0/7
  1143 | D:1      | Reached skill level 1 in Invocations
  1445 | D:1      | Reached skill level 1 in Fighting
  1445 | D:1      | Reached skill level 1 in Short Blades
  1445 | D:1      | Reached skill level 1 in Long Blades
  1445 | D:1      | Reached skill level 1 in Axes
  1445 | D:1      | Reached skill level 1 in Polearms
  1445 | D:1      | Reached skill level 1 in Staves
  1445 | D:1      | Reached skill level 1 in Ranged Weapons
  1445 | D:1      | Reached skill level 1 in Dodging
  1445 | D:1      | Reached skill level 1 in Stealth
  1445 | D:1      | Reached skill level 1 in Shields
  1445 | D:1      | Reached skill level 1 in Unarmed Combat
  1445 | D:1      | Reached skill level 1 in Evocations
  2164 | D:2      | Found Nouxkoaxat's Antique Weapon Boutique.
  2173 | D:2      | Reached XP level 4. HP: 30/32 MP: 6/8
  2325 | D:2      | Found a faded altar of an unknown god.
  2344 | D:2      | Reached skill level 1 in Conjurations
  2344 | D:2      | Reached skill level 1 in Hexes
  2344 | D:2      | Reached skill level 1 in Summonings
  2344 | D:2      | Reached skill level 1 in Necromancy
  2344 | D:2      | Reached skill level 1 in Translocations
  2344 | D:2      | Reached skill level 1 in Fire Magic
  2344 | D:2      | Reached skill level 1 in Ice Magic
  2344 | D:2      | Reached skill level 1 in Air Magic
  2344 | D:2      | Reached skill level 1 in Earth Magic
  2344 | D:2      | Reached skill level 1 in Poison Magic
  2368 | D:2      | Slain by an orc wizard

Illustrated notes

Levels and vault maps discovered:
D:1:      scummos_arrival_hexagon, layout_loops_ring, minmay_splitting_lines,
          minmay_pentomino_x4
D:2:      layout_rooms, chequers_ecumenical_altar_twisty, serial_shops, shop,
          st_stairs_2, uniq_sigmund

Skill      XL: |  1  2  3  4 |
---------------+-------------+-----
Invocations    | 1 |  1.3
Fighting       | 1 |  1.2
Short Blades   | 1 |  1.2
Long Blades    | 1 |  1.2
Axes           | 1 |  1.2
Polearms       | 1 |  1.2
Staves         | 1 |  1.2
Ranged Weapons | 1 |  1.2
Dodging        | 1 |  1.2
Stealth        | 1 |  1.2
Shields        | 1 |  1.2
Unarmed Combat | 1 |  1.2
Evocations     | 1 |  1.2
Spellcasting   | 3 |  3.0
Conjurations   | 1 |  1.0
Hexes          | 1 |  1.0
Summonings     | 1 |  1.0
Necromancy     | 1 |  1.0
Translocations | 1 |  1.0
Fire Magic     | 1 |  1.0
Ice Magic      | 1 |  1.0
Air Magic      | 1 |  1.0
Earth Magic    | 1 |  1.0
Poison Magic   | 1 |  1.0
Maces & Flails | |  2.8
Throwing       | |  4.7
Armour         | |  4.7
Transmutations | |  7.1

Action                   |  1- 3 |  4- 6 || total
-------------------------+-------+-------++-------
Melee: Mace              |     5 |       ||     5
       Dagger            |    52 |       ||    52
       Bite              |     1 |       ||     1
       Trident           |     7 |    25 ||    32
       Punch             |       |     2 ||     2
 Cast: Sting             |    65 |    11 ||    76
 Stab: Sleeping          |     1 |       ||     1
Armor: Robe              |    16 |     9 ||    25
Dodge: Dodged            |    59 |    10 ||    69
